 Dungeon Crawl Stone Soup version 0.30-a0-778-g2ef04afb54 (webtiles) character file.

Game seed: 10732208920992145634

518 magipi the Cudgeller (level 7, -12/3 (56) HPs)
             Began as a Gnoll Reaver on Feb 16, 2023.
             Killed from afar by Ijyb (14 damage)
             ... with an iceblast
             ... on level 4 of the Dungeon.
             The game lasted 00:09:58 (2995 turns).

magipi the Cudgeller (Gnoll Reaver)                 Turns: 2995, Time: 00:09:59

HP:   -12/3 (56)    AC:  3    Str: 11    XL:     7   Next: 21%
MP:   14/15         EV: 12    Int: 15    God:
Gold: 164           SH:  0    Dex: 10    Spells: 14/17 levels left

rFire   . . .      SeeInvis +    b - +2 short sword (venom)
rCold   . . .      Faith    .    (no shield)
rNeg    . . .      Spirit   .    c - +0 leather armour
rPois   .          Reflect  .    (no helmet)
rElec   .          Harm     .    (no cloak)
rCorr   .          Rampage  .    (no gloves)
Will    .....                    (no boots)
Stlth   ++                       (no amulet)
HPRegen 0.20/turn                i - ring of see invisible
MPRegen 0.14/turn                (no ring)

@: extremely drained
A: fangs 1, strong nose, distributed training
a: no special abilities


You were on level 4 of the Dungeon.
You visited 1 branch of the dungeon, and saw 4 of its levels.

You collected 164 gold pieces.

Inventory:

Hand Weapons
 a - a +2 flail of pain
   (You took it off an orc on level 3 of the Dungeon)
 b - a +2 short sword of venom (weapon)
   (You took it off a kobold on level 1 of the Dungeon)
Missiles
 h - 5 boomerangs (quivered)
 o - 3 poisoned darts
Armour
 c - a +0 leather armour (worn)
Jewellery
 i - a ring of see invisible (left hand)
   (You found it on level 2 of the Dungeon)
Wands
 n - a wand of iceblast (6)
   (You found it on level 3 of the Dungeon)
Scrolls
 f - 2 scrolls of teleportation {unknown}
 j - 2 scrolls of fog {unknown}
 k - 2 scrolls of poison {unknown}
 l - a scroll of enchant weapon {unknown}
 m - a scroll of vulnerability {unknown}
 r - a scroll of identify {unknown}
Potions
 d - a potion of heal wounds {unknown}
 e - a potion of mutation {unknown}
 g - 2 potions of berserk rage {unknown}
 p - a potion of curing {unknown}
 q - a potion of flight {unknown}


   Skills:
 + Level 5.2 Fighting
 + Level 2.4 Short Blades
 + Level 2.4 Long Blades
 + Level 2.4 Axes
 + Level 7.0 Maces & Flails
 + Level 2.4 Polearms
 + Level 2.4 Staves
 + Level 2.4 Ranged Weapons
 + Level 2.4 Throwing
 + Level 2.4 Armour
 + Level 5.2 Dodging
 + Level 2.4 Stealth
 + Level 2.4 Shields
 + Level 2.4 Unarmed Combat
 + Level 5.6 Spellcasting
 + Level 5.8 Conjurations
 + Level 2.0 Hexes
 + Level 2.0 Summonings
 + Level 2.0 Necromancy
 + Level 2.0 Translocations
 + Level 2.0 Transmutations
 + Level 2.0 Fire Magic
 + Level 2.0 Ice Magic
 + Level 2.0 Air Magic
 + Level 2.0 Earth Magic
 + Level 2.0 Poison Magic
 + Level 2.7 Invocations
 + Level 2.4 Evocations


You had 14 spell levels left.
You knew the following spells:

 Your Spells              Type           Power      Damage    Failure   Level
a - Kiss of Death         Conj/Necr      60%        2d10      4%          1
b - Momentum Strike       Conj/Tloc      30%        3d8       6%          2

Your spell library contained the following spells:

 Spells                   Type           Power      Damage    Failure   Level
 Apportation              Tloc           20%        N/A       9%          1
 Freeze                   Ice            40%        1d6       9%          1
 Necrotise                Necr           40%        1d6       9%          1
 Summon Small Mammal      Summ           40%        N/A       9%          1
 Hailstorm                Conj/Ice       15%        3d5       12%         3
 Frozen Ramparts          Ice            20%        1d4       26%         3


Dungeon Overview and Level Annotations

Branches:
Dungeon (4/15)
 Temple: D:4-7

Altars:
Qazlal
Wu Jian

Annotations:
D:4 Ijyb


Innate Abilities, Weirdness & Mutations

You have very sharp teeth.
Your uncanny sense of smell can sniff out nearby items.
Your experience applies equally to all skills.


Message History

No target in view!
No target in view!
You now have 164 gold pieces (gained 7).
A ball python comes into view.
The ball python hisses angrily.
You hit the ball python.
The ball python is moderately wounded.
The ball python barely misses you. x2
You hit the ball python.
You kill the ball python!
No target in view!
You see here a ball python corpse.
r - a scroll labelled FEC PAUNINTAI
g - 2 bubbling cyan potions (gained 1)
A gnoll comes into view. It is wielding a +0 spear.
The gnoll shouts!
You hear a shout!
A gnoll comes into view. It is wielding a +0 whip.
A gnoll comes into view. It is wielding a +0 spear.
Unknown command.
A gnoll comes into view. It is wielding a +0 spear.
The gnoll closely misses you.
There is an escape hatch in the ceiling here.
Unknown command.
Unknown command.
Unknown command.
The gnoll shouts!
The gnoll hits you with a +0 spear. The gnoll barely misses you.
A mysterious force pulls you upwards. The hatch slams shut behind you.
You hit the gnoll.
The gnoll is poisoned.
You punch the gnoll, but do no damage.
The gnoll is lightly wounded.
The gnoll closely misses you. x2
You hit the gnoll.
The gnoll looks as sick as possible!
The gnoll is heavily wounded.
The gnoll hits you with a +0 whip. The gnoll hits you with a +0 spear!
Casting: Kiss of Death (safe; 4% risk of failure)
Confirm with . or Enter, or press ? or * to list all spells.
Aiming: Kiss of Death (safe; 4% risk of failure)
Press: ? - help, Shift-Dir - straight line, f - gnoll
Aim: a gnoll, wielding a +0 spear (100% to hit)
The negative energy hits the gnoll!
The gnoll is drained!
The gnoll is almost dead.
You feel drained. The gnoll barely misses you.
The gnoll hits you with a +0 spear.
* * * LOW HITPOINT WARNING * * *
Unknown command.
Unknown command.
Casting: Kiss of Death (safe; 4% risk of failure)
Confirm with . or Enter, or press ? or * to list all spells.
Aiming: Kiss of Death (safe; 4% risk of failure)
Press: ? - help, Shift-Dir - straight line, f/p - gnoll
Aim: a gnoll, wielding a +0 spear (almost dead, heavily drained, 100% to hit)
The negative energy hits the gnoll.
The gnoll is drained!
You kill the gnoll!
You feel drained.
You kill the gnoll!
Unknown command.
Things that are here:
a +0 whip; a gnoll corpse You start resting.
Magic restored.
You start resting.
HP restored.
Things that are here:
a +0 whip; a gnoll corpse
There is a stone staircase leading down here.
You climb downwards.
Found a dark potion, 11 gold pieces and 5 boomerangs of dispersal.
Found a stone staircase leading down.
There is a stone staircase leading up here.
Ijyb the Twisted Goblin comes into view.
She is wielding a +0 club and carrying a wand of iceblast (4).
Found a stone staircase leading up.
Ijyb shouts!
The black bear growls angrily.
You hear an angry hiss.
A ball python comes into view.
Found a silver ring and a scroll labelled UDENIED IMAUTS.
The ball python hisses angrily.
The black bear misses you. The black bear closely misses you.
The black bear claws you.
A goblin comes into view. It is wielding a +0 dagger.
The goblin shouts!
You hit the black bear.
The black bear is lightly wounded.
The black bear bites you but does no damage.
The black bear claws you. The black bear barely misses you.
Unknown command.
Unknown command.
Casting: Kiss of Death (safe; 4% risk of failure)
Confirm with . or Enter, or press ? or * to list all spells.
Aiming: Kiss of Death (safe; 4% risk of failure)
Press: ? - help, Shift-Dir - straight line, f - black bear
Aim: a black bear (lightly wounded, 100% to hit)
The negative energy hits the black bear.
The black bear is drained!
The black bear is heavily wounded.
You feel drained. The black bear misses you.
The black bear claws you but does no damage.
The black bear claws you.
Ijyb zaps a wand.
The mass of ice explodes!
The iceblast engulfs you!
Ouch! That really hurt!
You die...

# #......##..# #.#
#(.........# ..
#...#...... . .
#...#..... ..
#...#<..# ... ##
.#.###...#...#....
...
......!<..........
...
...###.#.....S....
#.. ...#.#@#.#..#
...
...>.....h......
..
#$##...........#.
... #
#..#.....#..# ..
..g........ ...
#.##...#...#. #=
.. #.#.#...#..
.?....... .#


You could see a black bear (drained), Ijyb and a ball python.

Vanquished Creatures
  Sigmund (D:3)
  A black bear (D:4)
  A howler monkey (D:2)
  Terence (D:3)
  3 adders
  6 gnolls (D:3)
  A dart slug (D:1)
  6 orcs (D:3)
  7 ball pythons
  9 endoplasms
  A giant cockroach (D:1)
  7 goblins
  10 hobgoblins
  7 jackals
  12 kobolds
  2 quokkas (D:1)
  9 bats
  16 frilled lizards
  6 rats
106 creatures vanquished.

Vanquished Creatures (others)
  9 plants (D:1)
9 creatures vanquished.

Grand Total: 115 creatures vanquished

Notes
Turn   | Place    | Note
-------+----------+-------------------------------------------
     0 | D:1      | magipi the Gnoll Reaver began the quest for the Orb.
     0 | D:1      | Reached XP level 1. HP: 20/20 MP: 6/6
   179 | D:1      | Reached XP level 2. HP: 22/26 MP: 7/7
   449 | D:1      | Reached skill level 5 in Spellcasting
   449 | D:1      | Reached XP level 3. HP: 31/31 MP: 7/9
   456 | D:1      | Learned a level 2 spell: Momentum Strike
   606 | D:1      | Reached skill level 1 in Invocations
   952 | D:1      | Reached skill level 1 in Short Blades
   952 | D:1      | Reached skill level 1 in Long Blades
   952 | D:1      | Reached skill level 1 in Axes
   952 | D:1      | Reached skill level 1 in Polearms
   952 | D:1      | Reached skill level 1 in Staves
   952 | D:1      | Reached skill level 1 in Ranged Weapons
   952 | D:1      | Reached skill level 1 in Throwing
   952 | D:1      | Reached skill level 1 in Armour
   952 | D:1      | Reached skill level 1 in Stealth
   952 | D:1      | Reached skill level 1 in Shields
   952 | D:1      | Reached skill level 1 in Unarmed Combat
   952 | D:1      | Reached skill level 1 in Evocations
  1017 | D:2      | Found a faded altar of an unknown god.
  1089 | D:2      | Reached XP level 4. HP: 34/34 MP: 11/11
  1097 | D:2      | Reached skill level 1 in Hexes
  1097 | D:2      | Reached skill level 1 in Summonings
  1097 | D:2      | Reached skill level 1 in Necromancy
  1097 | D:2      | Reached skill level 1 in Translocations
  1097 | D:2      | Reached skill level 1 in Transmutations
  1097 | D:2      | Reached skill level 1 in Fire Magic
  1097 | D:2      | Reached skill level 1 in Ice Magic
  1097 | D:2      | Reached skill level 1 in Air Magic
  1097 | D:2      | Reached skill level 1 in Earth Magic
  1097 | D:2      | Reached skill level 1 in Poison Magic
  1494 | D:2      | Reached XP level 5. HP: 43/43 MP: 12/12
  1906 | D:3      | Noticed Sigmund
  1910 | D:3      | Killed Sigmund
  1911 | D:3      | Reached skill level 5 in Fighting
  1911 | D:3      | Reached skill level 5 in Dodging
  1911 | D:3      | Reached XP level 6. HP: 22/51 MP: 3/14
  2073 | D:3      | Noticed Terence
  2085 | D:3      | Killed Terence
  2343 | D:3      | Found an ornate altar of the Wu Jian Council.
  2345 | D:3      | Found a stormy altar of Qazlal.
  2848 | D:4      | Noticed a black bear
  2858 | D:4      | Killed a black bear
  2859 | D:4      | Reached skill level 7 in Maces & Flails
  2859 | D:4      | Reached XP level 7. HP: 14/26 MP: 11/15
  2991 | D:4      | Noticed Ijyb
  2995 | D:4      | Killed from afar by Ijyb

Illustrated notes

Levels and vault maps discovered:
D:1:      nagdon_arrival_double_spiral, layout_loops_corners,
          lexackson_kobold_supper
D:2:      layout_loops_ring, shapermc_ecumenical_altar_mp_highgroup,
          minmay_lizard_pond
D:3:      layout_basic, mainiacjoe_overflow_catwalk_spiral, uniq_sigmund,
          uniq_terence
D:4:      layout_basic, mainiacjoe_overflow_alcove_2,
          minmay_temple_entry_offerings, uniq_robin, uniq_pikel, uniq_ijyb

Skill      XL: |  1  2  3  4  5  6 |
---------------+-------------------+-----
Spellcasting   | 5 |  5.6
Invocations    | 1 2 |  2.7
Short Blades   | 1 2 |  2.4
Long Blades    | 1 2 |  2.4
Axes           | 1 2 |  2.4
Polearms       | 1 2 |  2.4
Staves         | 1 2 |  2.4
Ranged Weapons | 1 2 |  2.4
Throwing       | 1 2 |  2.4
Armour         | 1 2 |  2.4
Stealth        | 1 2 |  2.4
Shields        | 1 2 |  2.4
Unarmed Combat | 1 2 |  2.4
Evocations     | 1 2 |  2.4
Hexes          | 1 2 |  2.0
Summonings     | 1 2 |  2.0
Necromancy     | 1 2 |  2.0
Translocations | 1 2 |  2.0
Transmutations | 1 2 |  2.0
Fire Magic     | 1 2 |  2.0
Ice Magic      | 1 2 |  2.0
Air Magic      | 1 2 |  2.0
Earth Magic    | 1 2 |  2.0
Poison Magic   | 1 2 |  2.0
Fighting       | 5 |  5.2
Dodging        | 5 |  5.2
Maces & Flails | 7 |  7.0
Conjurations   | |  5.8

Action                     |  1- 3 |  4- 6 |  7- 9 || total
---------------------------+-------+-------+-------++-------
  Melee: Mace              |   113 |       |       ||   113
         Bite              |     9 |    11 |     1 ||    21
         Short sword       |     6 |   160 |     8 ||   174
         Punch             |       |     3 |     1 ||     4
  Throw: Dart              |       |     3 |       ||     3
         Boomerang         |       |     1 |       ||     1
   Cast: Kiss of Death     |     1 |     9 |     3 ||    13
   Stab: Sleeping          |     2 |     4 |       ||     6
 Armour: Leather armour    |    35 |    28 |     2 ||    65
  Dodge: Dodged            |    74 |    80 |    13 ||   167

Table legend: (Time is in decaauts)
 A = Elapsed time spent in this place.
 B = Non-inter-level travel time spent in this place.
 C = Inter-level travel time spent in this place.
 D = Time resting spent in this place.
 E = Time spent auto-exploring this place.
 F = Levels seen in this place.
 G = Mean time per level.
                   A        B        C        D        E       F      G
               +--------+--------+--------+--------+--------+-----+--------+
         Total |   2987 |   2865 |    122 |    189 |   1322 |   4 |  746.8 |
       Dungeon |   2987 |   2865 |    122 |    189 |   1322 |   4 |  746.8 |
               +--------+--------+--------+--------+--------+-----+--------+

Top non-repeatable levels by time:
     D:1: 1026 daAuts
     D:3: 951 daAuts
     D:2: 944 daAuts
     D:4: 65 daAuts
